 Dungeon Sprint DCSS version 0.30-a0-371-gad7725a93e (webtiles) character file.

Game seed: 9524873499320752464

1125 Kingsmith the Fighter (level 8, -7/88 HPs)
             Began as a Minotaur Fighter on Nov 21, 2022.
             Was a Follower of Cheibriados.
             Mangled by a two-headed ogre
             ... wielding a +0 giant spiked club
              (12 damage)
             ... in the Dungeon (Sprint IX: "|||||||||||||||||||||||||||||").
             The game lasted 00:02:37 (221 turns).

Kingsmith the Fighter (Minotaur Fighter)             Turns: 221, Time: 00:02:37

Health: -7/88      AC: 12    Str: 30    XL:     8   Next: 13%
Magic:  4/7        EV: 12    Int:  8    God:    Cheibriados [*.....]
Gold:   0          SH:  6    Dex: 12    Spells: 7/7 levels left

rFire   . . .      SeeInvis .    n - +2 scimitar (holy)
rCold   . . .      Faith    .    c - +0 buckler
rNeg    . . .      Spirit   .    p - +2 ring mail
rPois   .          Reflect  .    (helmet restricted)
rElec   .          Harm     .    o - +0 cloak
rCorr   .          Rampage  .    a - +0 pair of gloves
Will    .....      NoTele   +    (no boots)
Stlth   +.........               (no amulet)
HPRegen 0.34/turn                q - +2 ring of evasion
MPRegen 0.10/turn                r - +3 ring of strength

@: very slow
A: horns 2, retaliatory headbutt
a: Renounce Religion, Bend Time


You were in the Dungeon.
You worshipped Cheibriados.
Cheibriados was aware of your devotion.
You visited 1 branch

Inventory:

Hand Weapons
 m - a +2 vorpal morningstar
 n - a +2 scimitar of holy wrath (weapon)
Armour
 a - a +0 pair of gloves (worn)
 c - a +0 buckler (worn)
 o - a +0 cloak (worn)
 p - a +2 ring mail (worn)
Jewellery
 q - a +2 ring of evasion (left hand)
 r - a +3 ring of strength (right hand)
Wands
 l - a wand of roots (10)
Scrolls
 j - 2 scrolls of blinking
 k - 2 scrolls of amnesia
Potions
 d - a potion of might
 g - a potion of haste
 h - 4 potions of magic
 i - 3 potions of curing


   Skills:
 * Level 13.9 Fighting
 + Level 9.9 Long Blades
 + Level 10.3 Armour
 + Level 10.3 Shields


You had 7 spell levels left.
You didn't know any spells.
Your spell library was empty.

Dungeon Overview and Level Annotations

Branches:
Dungeon (1/1)

Altars:
Cheibriados
Dithmenos
Elyvilon
Fedhas
Gozag
Hepliaklqana
Kikubaaqudgha
Makhleb
Nemelex Xobeh
Okawaru
Qazlal
Ru
Sif Muna
Trog
Uskayaw
Vehumet
Wu Jian
Xom
Yredelemnul
Zin
The Shining One
Jiyva
Lugonu


Innate Abilities, Weirdness & Mutations

You have a pair of horns on your head.
You reflexively headbutt those who attack you in melee.


Message History

You block the yak's attack.
You slash the yak!
The yak is moderately wounded.
The yak closely misses you.
You hit the yak.
The yak is heavily wounded.
You block the yak's attack.
You slash the yak! Your headbutt misses the yak.
The yak is severely wounded.
The yak barely misses you. You furiously retaliate!
You headbutt the yak! You hit the yak.
The yak is almost dead.
You block the yak's attack.
You slash the yak!
You kill the yak!
Cheibriados appreciates the change of pace.
You have reached level 8!
You feel stronger. The flow of time bends around you.
You slash the two-headed ogre!
You headbutt the two-headed ogre, but do no damage.
The two-headed ogre is lightly wounded.
You block the two-headed ogre's attack. The two-headed ogre closely misses you.
You hit the two-headed ogre.
The two-headed ogre is lightly wounded.
The two-headed ogre hits you with a +0 giant spiked club!
The two-headed ogre hits you with a +0 giant spiked club!!
* * * LOW HITPOINT WARNING * * *
You feel much better.
You slash the two-headed ogre!
The two-headed ogre is moderately wounded.
The two-headed ogre hits you but does no damage.
The two-headed ogre hits you with a +0 giant spiked club!
* * * LOW HITPOINT WARNING * * *
You slash the two-headed ogre!
The two-headed ogre is heavily wounded.
The two-headed ogre hits you with a +0 giant spiked club!
* * * LOW HITPOINT WARNING * * *
The two-headed ogre hits you with a +0 giant spiked club!
You die...

▓)▓
▓.▓
▓.▓
▓.▓
▓.▓
▓.▓
▓[▓
▓'▓
▓@▓
▓O▓
▓.▓
▓.▓
▓.▓
▓.▓
▓+▓


You could see a two-headed ogre.

Vanquished Creatures
  A two-headed ogre (D)
  A wraith (D)
  A yak (D)
  A black bear (D)
  A gnoll sergeant (D)
  A scorpion (D)
  An orc priest (D)
  2 adders (D)
  A shadow imp (D)
  2 bats (D)
  2 giant cockroaches (D)
  A rat (D)
15 creatures vanquished.

Notes
Turn   | Place    | Note
-------+----------+-------------------------------------------
     0 | D        | Kingsmith the Minotaur Fighter began the quest for the Orb.
     0 | D        | Reached XP level 1. HP: 19/19 MP: 0/0
    14 | D        | Reached skill level 4 in Fighting
    21 | D        | Noticed a black bear
    21 | D        | Noticed a scorpion
    25 | D        | Reached skill level 5 in Fighting
    25 | D        | Reached XP level 2. HP: 29/29 MP: 1/1
    30 | D        | Killed a black bear
    31 | D        | Reached skill level 7 in Fighting
    31 | D        | Reached skill level 5 in Long Blades
    31 | D        | Reached skill level 5 in Armour
    31 | D        | Reached skill level 5 in Shields
    31 | D        | Reached XP level 3. HP: 40/40 MP: 2/2
    31 | D        | Reached XP level 4. HP: 48/48 MP: 3/3
    39 | D        | Reached skill level 8 in Fighting
    53 | D        | Killed a scorpion
    54 | D        | Reached skill level 9 in Fighting
    54 | D        | Reached XP level 5. HP: 18/57 MP: 4/4
    60 | D        | Found a snail-covered altar of Cheibriados.
    60 | D        | Found a shadowy altar of Dithmenos.
    60 | D        | Found a white marble altar of Elyvilon.
    60 | D        | Found a blossoming altar of Fedhas.
    60 | D        | Found an opulent altar of Gozag.
    61 | D        | Found a hazy altar of Hepliaklqana.
    62 | D        | Found a viscous altar of Jiyva.
    63 | D        | Found an ancient bone altar of Kikubaaqudgha.
    64 | D        | Found a corrupted altar of Lugonu.
    65 | D        | Found a burning altar of Makhleb.
    66 | D        | Found a sparkling altar of Nemelex Xobeh.
    74 | D        | Became a worshipper of Cheibriados the Contemplative
    78 | D        | Found an iron altar of Okawaru.
    79 | D        | Found a stormy altar of Qazlal.
    80 | D        | Found a sacrificial altar of Ru.
    81 | D        | Found a shimmering blue altar of Sif Muna.
    82 | D        | Found a bloodstained altar of Trog.
    83 | D        | Found a hide-covered altar of Uskayaw.
    84 | D        | Found a radiant altar of Vehumet.
    85 | D        | Found an ornate altar of the Wu Jian Council.
    86 | D        | Found a shimmering altar of Xom.
    87 | D        | Found a basalt altar of Yredelemnul.
    88 | D        | Found a glowing silver altar of Zin.
    89 | D        | Found a glowing golden altar of the Shining One.
   176 | D        | Noticed a wraith
   176 | D        | Noticed a two-headed ogre
   176 | D        | Noticed a yak
   176 | D        | Noticed a two-headed ogre
   193 | D        | Killed a wraith
   194 | D        | Reached skill level 11 in Fighting
   194 | D        | Reached XP level 6. HP: 38/68 MP: 5/5
   205 | D        | Killed a two-headed ogre
   205 | D        | Reached * piety under Cheibriados
   206 | D        | Reached skill level 13 in Fighting
   206 | D        | Reached skill level 10 in Armour
   206 | D        | Reached skill level 10 in Shields
   206 | D        | Reached XP level 7. HP: 37/79 MP: 6/6
   215 | D        | Killed a yak
   216 | D        | Reached XP level 8. HP: 42/88 MP: 7/7
   221 | D        | Mangled by a two-headed ogre

Illustrated notes

Levels and vault maps discovered:
D:        linesprint [early_d, line_temple, items_1, d_10, items_2, lair_1,
          lair_end, items_3, orc_1, orc_end, items_4, d_15, swamp_1, shoals_1,
          snake_1, spider_1, d_20, vaults_1, items_5, swamp_end, shoals_end,
          snake_end, spider_end, vaults_end, d_27, items_6, zot_1, zot_end,
          crypt_end, forest_end, elf_end, slime_end, tomb_end, abyss_end,
          pan_hell_end]

Skill      XL: |  1  2  3  4  5  6 |
---------------+-------------------+-----
Fighting       | 5 7 9 11 13 | 13.9
Armour         | 4 5 6 8 10 | 10.3
Shields        | 4 5 6 8 10 | 10.3
Long Blades    | 3 5 6 7 9 |  9.9

Action                   |  1- 3 |  4- 6 |  7- 9 || total
-------------------------+-------+-------+-------++-------
Melee: Long sword        |    19 |    22 |       ||    41
       Headbutt          |     4 |     8 |     2 ||    14
       Scimitar          |       |    24 |    13 ||    37
Invok: Bend Time         |       |       |     1 ||     1
  Use: Potion            |     1 |     5 |     1 ||     7
Armor: Scale mail        |     8 |    10 |       ||    18
       Ring mail         |       |     3 |     1 ||     4
Dodge: Dodged            |     8 |    24 |     5 ||    37
Block: Buckler           |     3 |    22 |     4 ||    29

Table legend: (Time is in decaauts)
 A = Elapsed time spent in this place.
 B = Non-inter-level travel time spent in this place.
 C = Inter-level travel time spent in this place.
 D = Time resting spent in this place.
 E = Time spent auto-exploring this place.
 F = Levels seen in this place.
 G = Mean time per level.
                   A        B        C        D        E       F      G
               +--------+--------+--------+--------+--------+-----+--------+
         Total |    254 |    254 |      0 |     34 |      0 |   1 |  254.0 |
       Dungeon |    254 |    254 |      0 |     34 |      0 |   1 |  254.0 |
               +--------+--------+--------+--------+--------+-----+--------+

Top non-repeatable levels by time:
       D: 254 daAuts
